 Dungeon Crawl Stone Soup version 0.31-a0-631-g285b096dc4 (webtiles) character file.

Game seed: 12690455787552961463

327 Crownlay the Cleaver (level 6, -1/51 HPs)
             Began as a Hill Orc Monk on Aug 26, 2023.
             Slain by an ogre
             ... wielding a +0 giant spiked club
              (25 damage)
             ... on level 4 of the Dungeon.
             The game lasted 00:03:16 (2759 turns).

Crownlay the Cleaver (Hill Orc Monk)                Turns: 2759, Time: 00:03:17

Health: -1/51      AC:  5    Str: 16    XL:     6   Next: 50%
Magic:  6/6        EV: 11    Int: 10    God:
Gold:   187        SH:  0    Dex: 13    Spells: 5/5 levels left

rFire   + . .        d - +0 war axe
rCold   . . .        (no shield)
rNeg    . . .        n - +0 ring mail
rPois   +            (no helmet)
rElec   +            (no cloak)
rCorr   +            (no gloves)
SInv    +            (no boots)
Will    .....        (no amulet)
Stlth   +            r - ring "Uwuffyor" {rElec rPois rF+ SInv}
HPRegen 0.28/turn    s - ring of resist corrosion
MPRegen 0.10/turn

%: no passive effects
@: no status effects
A: no striking features
a: no special abilities


You were on level 4 of the Dungeon.
You visited 1 branch of the dungeon, and saw 4 of its levels.

You collected 187 gold pieces.

Inventory:

Hand Weapons
 d - a +0 war axe (weapon)
Missiles
 f - a poisoned dart
Armour
 e - a +0 kite shield
 n - a +0 ring mail (worn)
Jewellery
 r - the ring "Uwuffyor" (left hand) {rElec rPois rF+ SInv}
   (You found it on level 3 of the Dungeon)

   [ring of protection from fire]

   rF+:       It protects you from fire.
   rElec:     It insulates you from electricity.
   rPois:     It protects you from poison SInv: It lets you see invisible.
 s - a ring of resist corrosion (right hand)
Scrolls
 a - a scroll of fog {unknown}
 b - 3 scrolls of identify {unknown}
 i - a scroll of enchant armour {unknown}
 j - a scroll of enchant weapon {unknown}
 k - a scroll of silence {unknown}
 o - a scroll of poison {unknown}
 t - a scroll of immolation {unknown}
Potions
 c - a potion of ambrosia
 g - a potion of invisibility {unknown}
 h - 2 potions of brilliance {unknown}
 l - a potion of curing {unknown}
 m - 2 potions of heal wounds {unknown}
 p - a potion of berserk rage {unknown}
 q - a potion of attraction {unknown}


   Skills:
 - Level 3.6 Fighting
 * Level 8.5 Axes
 - Level 2.4 Dodging
 + Level 2.8 Shields


You had 5 spell levels left.
You didn't know any spells.
Your spell library was empty.

Dungeon Overview and Level Annotations

Branches:
Dungeon (4/15)             Temple (0/1) D:4

Altars:

Shops:
D:4 (


Message History

No target in view!
No target in view!
No target in view!
No target in view!
You see here an adder corpse.
There is an entrance to Meesuusu's Weapon Boutique here.
You now have 187 gold pieces (gained 10).
A quokka comes into view.
The quokka bites you.
The quokka bites you but does no damage.
You slash the quokka!
You kill the quokka!
No target in view!
No target in view!
No target in view!
You see here a quokka corpse.
An ogre comes into view. It is wielding a +0 giant spiked club.
The ogre shouts!
You closely miss the ogre.
The ogre hits you with a +0 giant spiked club!
You barely miss the ogre. Your punch misses the ogre.
The ogre closely misses you.
You slash the ogre!
The ogre is moderately wounded.
You hit the ogre but do no damage.
The ogre is moderately wounded.
The ogre hits you with a +0 giant spiked club!!
You are too injured to fight recklessly!
You are too injured to fight recklessly!
You are too injured to fight recklessly!
You are too injured to fight recklessly!
You are too injured to fight recklessly!
You are too injured to fight recklessly!
You hit the ogre but do no damage.
The ogre is moderately wounded.
The ogre barely misses you.
You hit the ogre.
The ogre is heavily wounded.
The ogre hits you with a +0 giant spiked club!!
You die...

#...#####..###..##†...#
#.### ###.# #..#
#....∩...# #.# #.# #..#
#.....#### #.# ###.#
#..# ####..# #.# #...#
#..######..######.#
#.###
#.................###
#.#
#######†########.....
#.# #....# #.[... #.#
#@#### ###### #.# #O# #
#.# #.# # #.########
#.# # #........# #.# #
########.# #.# # #.#
#.. # ###.# ##. # #...#
#.# #


You could see an ogre.

Vanquished Creatures
  Sigmund (D:3)
  Jessica (D:3)
  An iguana (D:4)
  4 adders
  4 worms
  A dart slug (D:2)
  2 orcs (D:3)
  3 ball pythons
  9 endoplasms
  7 giant cockroaches
  4 goblins
  4 hobgoblins
  2 quokkas (D:4)
  6 bats
  5 kobolds
  2 rats
56 creatures vanquished.

Notes
Turn   | Place    | Note
-------+----------+-------------------------------------------
     0 | D:1      | Crownlay the Hill Orc Monk began the quest for the Orb.
     0 | D:1      | Reached XP level 1. HP: 19/19 MP: 1/1
    45 | D:1      | Found a faded altar of an unknown god.
   340 | D:1      | Reached XP level 2. HP: 21/26 MP: 2/2
   554 | D:2      | Reached skill level 5 in Axes
   781 | D:2      | Reached XP level 3. HP: 24/31 MP: 3/3
  1392 | D:3      | Reached skill level 6 in Axes
  1398 | D:3      | Reached XP level 4. HP: 19/39 MP: 4/4
  1733 | D:3      | Identified the ring "Uwuffyor" {rElec rPois rF+ SInv}
  2050 | D:3      | Noticed Sigmund
  2073 | D:3      | Killed Sigmund
  2074 | D:3      | Reached skill level 8 in Axes
  2074 | D:3      | Reached XP level 5. HP: 35/45 MP: 5/5
  2074 | D:3      | Reached XP level 6. HP: 39/51 MP: 6/6
  2116 | D:3      | Noticed Jessica
  2125 | D:3      | Killed Jessica
  2559 | D:4      | Found a staircase to the Ecumenical Temple.
  2703 | D:4      | Found Meesuusu's Weapon Boutique.
  2759 | D:4      | Slain by an ogre

Illustrated notes

Levels and vault maps discovered:
D:1:      amcnicky_arrival_single_pillar, layout_basic, basic_ecumenical_altar
D:2:      layout_loops_ring, chequers_jeans, hangedman_feature_mirror,
          st_stairs_1, chequers_arboretum, hangedman_decor_growths
D:3:      layout_basic, uniq_jessica, uniq_sigmund
D:4:      layout_loops_ring, minmay_temple_entry_statues_pillars, serial_shops,
          nicolae_square_shop

Skill      XL: |  1  2  3  4 |
---------------+-------------+-----
Axes           | 5 6 8 |  8.5
Shields        | 2 |  2.8
Fighting       | |  3.6
Dodging        | |  2.4

Action                     |  1- 3 |  4- 6 || total
---------------------------+-------+-------++-------
  Melee: Hand axe          |    94 |    31 ||   125
         War axe           |       |    59 ||    59
  Throw: Dart              |       |     2 ||     2
 Armour: Robe              |     5 |       ||     5
         Ring mail         |    16 |    31 ||    47
  Dodge: Dodged            |    60 |    48 ||   108

Table legend: (Time is in decaauts)
 A = Elapsed time spent in this place.
 B = Non-inter-level travel time spent in this place.
 C = Inter-level travel time spent in this place.
 D = Time resting spent in this place.
 E = Time spent auto-exploring this place.
 F = Levels seen in this place.
 G = Mean time per level.
                   A        B        C        D        E       F      G
               +--------+--------+--------+--------+--------+-----+--------+
         Total |   2768 |   2647 |    121 |      0 |   2210 |   4 |  692.0 |
       Dungeon |   2768 |   2647 |    121 |      0 |   2210 |   4 |  692.0 |
               +--------+--------+--------+--------+--------+-----+--------+

Top non-repeatable levels by time:
     D:2: 933 daAuts
     D:3: 912 daAuts
     D:1: 547 daAuts
     D:4: 374 daAuts
